[Event "ICC tourney 2329 (3 2)"]
[Site "Internet Chess Club"]
[Date "2021.01.22"]
[Round "5"]
[White "DualMoneytime"]
[Black "Purushottam123"]
[Result "1-0"]
[ICCResult "Black checkmated"]
[WhiteElo "1982"]
[BlackElo "1700"]
[Opening "Sicilian: closed"]
[ECO "B23"]
[NIC "SI.44"]
[Time "22:45:23"]
[PlyCount "115"]
[TimeControl "180+2"]

1. e4 c5 2. Nc3 a6 3. f4 b5 4. Nf3 Bb7 5. d3 b4 6. Ne2 d5 7. e5 e6 8. g3
Nd7 9. Bg2 Ne7 10. O-O h6 11. Bd2 Qb6 12. Be3 d4 13. Bf2 Nd5 14. Nd2 Ne3
15. Bxe3 Bxg2 16. Kxg2 dxe3 17. Nc4 Qc6+ 18. Kg1 Nb6 19. Nxe3 Be7 20. Nc1
O-O 21. Qf3 Nd5 22. Nxd5 exd5 23. Nb3 a5 24. Nd2 Rfd8 25. f5 Bf8 26. f6 g6
27. Qf4 Qb6 28. Nf3 Rac8 29. Rae1 c4+ 30. d4 a4 31. e6 fxe6 32. Ne5 Kh7 33.
Qg4 g5 34. Qh5 Qxd4+ 35. Kh1 Rd7 36. Qg6+ Kh8 37. Nxd7 Qxb2 38. f7 Qg7 39.
Qxg7+ Kxg7 40. Nxf8 Rxf8 41. Rxe6 Rxf7 42. Rxf7+ Kxf7 43. Rb6 b3 44. axb3
axb3 45. cxb3 c3 46. Rc6 d4 47. Rc4 Ke6 48. Rxd4 c2 49. Rc4 c1=Q+ 50. Rxc1
Ke5 51. Kg2 Kd4 52. Kf3 h5 53. b4 Kd5 54. b5 Kd6 55. Ke4 Kd7 56. Ke5 Kd8
57. Ke6 Ke8 58. Rc8# { Black checkmated } 1-0

[Event "ICC tourney 2329 (3 2)"]
[Site "Internet Chess Club"]
[Date "2021.01.22"]
[Round "5"]
[White "hggonzalezzss"]
[Black "yuanbao2007"]
[Result "1-0"]
[ICCResult "Black resigns"]
[WhiteElo "1776"]
[BlackElo "1664"]
[Opening "French defense"]
[ECO "C00"]
[NIC "FR.01"]
[Time "22:45:22"]
[PlyCount "143"]
[TimeControl "180+2"]

1. e4 e6 2. Nf3 d5 3. exd5 exd5 4. d4 Nf6 5. h3 h6 6. Bd3 Bd6 7. O-O O-O 8.
Nbd2 Nbd7 9. Re1 Re8 10. Nf1 b6 11. b3 Nf8 12. Bb2 Ne6 13. Ne5 Bb7 14. f4
Nxf4 15. Qd2 Nxd3 16. Qxd3 Ne4 17. Nd2 Qh4 18. Ndf3 Qf2+ 19. Kh1 Ng3+ 20.
Kh2 f6 21. Ng4 Ne2+ 22. Nfe5 Qf4+ 23. Kh1 Ng3+ 24. Kg1 fxe5 25. dxe5 Bxe5
26. Bxe5 Rxe5 27. Nxe5 Ne4 28. Nf3 Re8 29. Re3 Qf6 30. Rae1 c5 31. Nd2 Qd4
32. Nxe4 dxe4 33. Qxd4 cxd4 34. R3e2 e3 35. Rd1 Re4 36. Kh2 Kf7 37. Kg3 Ke6
38. Rd3 Ke5 39. c3 Ba6 40. cxd4+ Kd5 41. Rdxe3 Bxe2 42. Rxe4 Kxe4 43. Kf2
Ba6 44. d5 Kxd5 45. Ke3 g5 46. a4 Ke5 47. b4 Bb7 48. g3 Bc6 49. b5 Bd7 50.
Kd3 Bc8 51. h4 gxh4 52. gxh4 Kf4 53. Kd4 Bb7 54. h5 Kg5 55. Ke5 Kxh5 56.
Kd6 Kg4 57. Kc7 h5 58. Kxb7 h4 59. Kxa7 h3 60. Kxb6 h2 61. Ka6 h1=Q 62. b6
Qf1+ 63. Ka7 Qf7+ 64. b7 Kf5 65. a5 Ke6 66. Ka8 Qe8+ 67. b8=Q Qc6+ 68. Qb7
Qe8+ 69. Ka7 Qd8 70. Qb6+ Ke7 71. Qxd8+ Kxd8 72. Kb8 { Black resigns } 1-0

[Event "ICC tourney 2329 (3 2)"]
[Site "Internet Chess Club"]
[Date "2021.01.22"]
[Round "5"]
[White "stephenwilly"]
[Black "Ayushb"]
[Result "0-1"]
[ICCResult "White checkmated"]
[WhiteElo "1460"]
[BlackElo "1769"]
[Opening "Giuoco Pianissimo: Italian four knights variation"]
[ECO "C50"]
[NIC "IG.02"]
[Time "22:45:23"]
[PlyCount "166"]
[TimeControl "180+2"]

1. e4 e5 2. Nf3 Nc6 3. Bc4 Bc5 4. Nc3 Nf6 5. d3 h6 6. Be3 Bxe3 7. fxe3 O-O
8. O-O d6 9. h3 Na5 10. Bb3 Nxb3 11. axb3 Be6 12. d4 Re8 13. dxe5 dxe5 14.
Qe2 Bd7 15. Rad1 Qe7 16. Qf2 Rad8 17. Nh2 Bc6 18. Nf3 Nxe4 19. Nxe4 Bxe4
20. Nh2 Bg6 21. Ng4 Qc5 22. Qg3 Qxc2 23. Rxd8 Rxd8 24. Nxe5 Bh5 25. Qh4 Rd2
26. Qg3 Bg6 27. h4 Be4 28. Nf3 Re2 29. Ne1 Qxb2 30. Nf3 Bxf3 31. Qxf3 f6
32. Qxb7 Qe5 33. Qc8+ Kh7 34. Qg4 Qxe3+ 35. Kh2 Qe4 36. Rf4 Qe5 37. Kh3 Qe6
38. Rf5 g6 39. Rxf6 Qxg4+ 40. Kxg4 Rxg2+ 41. Kf3 Rc2 42. Ke4 Kg7 43. Ra6
Rb2 44. Rxa7 Rxb3 45. Rxc7+ Kf6 46. Rc6+ Kf7 47. Ke5 Rb5+ 48. Kf4 Rb4+ 49.
Ke5 Rxh4 50. Rc7+ Kg8 51. Kf6 g5 52. Rc8+ Kh7 53. Rc7+ Kg8 54. Kg6 Kf8 55.
Kf6 Ke8 56. Ke6 Kd8 57. Rh7 g4 58. Kd6 Ke8 59. Rh8+ Kf7 60. Rh7+ Kg6 61.
Re7 g3 62. Re3 Rg4 63. Re1 g2 64. Rg1 h5 65. Ke5 Kg5 66. Kd5 h4 67. Ke6 h3
68. Rd1 g1=Q 69. Rd5+ Kh4 70. Kf7 Qf1+ 71. Ke6 Re4+ 72. Kd6 Qf6+ 73. Kc5
Qc3+ 74. Kd6 h2 75. Kd7 Rd4 76. Ke6 Rxd5 77. Kxd5 h1=Q+ 78. Ke6 Qf1 79. Kd7
Qe3 80. Kd6 Qd1+ 81. Kc6 Qec1+ 82. Kb5 Qb3+ 83. Ka5 Qa1# { White checkmated
} 0-1

[Event "ICC tourney 2329 (3 2)"]
[Site "Internet Chess Club"]
[Date "2021.01.22"]
[Round "6"]
[White "Ayushb"]
[Black "BMWHero"]
[Result "0-1"]
[ICCResult "White resigns"]
[WhiteElo "1769"]
[BlackElo "2580"]
[Opening "Sicilian"]
[ECO "B56"]
[NIC "SI.25"]
[Time "22:57:20"]
[PlyCount "20"]
[TimeControl "180+2"]

1. e4 c5 2. Nf3 Nc6 3. d4 cxd4 4. Nxd4 Nf6 5. Nc3 d6 6. Be3 Ng4 7. Bc1 Qb6
8. Nce2 e5 9. Nxc6 Qxf2+ 10. Kd2 bxc6 { White resigns } 0-1

[Event "ICC tourney 2329 (3 2)"]
[Site "Internet Chess Club"]
[Date "2021.01.22"]
[Round "6"]
[White "BreatheChessAls"]
[Black "HR2005"]
[Result "0-1"]
[ICCResult "White resigns"]
[WhiteElo "1915"]
[BlackElo "2041"]
[Opening "Queen's pawn: London system"]
[ECO "A45"]
[NIC "QP.07"]
[Time "22:57:22"]
[PlyCount "65"]
[TimeControl "180+2"]

1. d4 Nf6 2. Bf4 g6 3. e3 Bg7 4. Nf3 d6 5. Be2 Nh5 6. Bg5 h6 7. Bh4 g5 8.
Nfd2 Nf6 9. Bg3 h5 10. h4 g4 11. c4 O-O 12. Nc3 Nbd7 13. Bd3 c5 14. d5 a6
15. Nde4 Nxe4 16. Nxe4 Ne5 17. Bxe5 Bxe5 18. Qd2 e6 19. Ng5 exd5 20. cxd5
Qf6 21. Nh7 Qg7 22. Nxf8 Bxb2 23. Rc1 Bxc1 24. Qxc1 Kxf8 25. O-O b5 26. Qc2
Qf6 27. f4 g3 28. e4 Qxh4 29. Rf3 Qh2+ 30. Kf1 Qh1+ 31. Ke2 Bg4 32. e5
Qxg2+ 33. Ke1 { White resigns } 0-1

[Event "ICC tourney 2329 (3 2)"]
[Site "Internet Chess Club"]
[Date "2021.01.22"]
[Round "6"]
[White "Openyagami"]
[Black "GGuseinov"]
[Result "0-1"]
[ICCResult "White resigns"]
[WhiteElo "2606"]
[BlackElo "2715"]
[Opening "King's Indian: 5.Nf3"]
[ECO "E90"]
[NIC "KI.20"]
[Time "22:57:18"]
[PlyCount "54"]
[TimeControl "180+2"]

1. c4 g6 2. Nc3 Bg7 3. d4 d6 4. Nf3 Nf6 5. e4 O-O 6. h3 e5 7. d5 Nh5 8. g3
Na6 9. Nh2 Nc5 10. Ng4 Kh8 11. b4 Nd7 12. Nh6 a5 13. b5 Nc5 14. Bg2 b6 15.
h4 f5 16. Nxf5 Bxf5 17. exf5 e4 18. Bb2 Nd3+ 19. Kf1 Nxb2 20. Qc2 Nxc4 21.
Re1 gxf5 22. Rc1 Nxg3+ 23. Kg1 Nxh1 24. Kxh1 Qxh4+ 25. Kg1 Ne5 26. Ne2 Ng4
27. Ng3 e3 { White resigns } 0-1

[Event "ICC tourney 2329 (3 2)"]
[Site "Internet Chess Club"]
[Date "2021.01.22"]
[Round "6"]
[White "ChiefDas"]
[Black "baldwinsthename"]
[Result "1-0"]
[ICCResult "Black checkmated"]
[WhiteElo "1857"]
[BlackElo "1272"]
[Opening "Sicilian"]
[ECO "B54"]
[NIC "SI.01"]
[Time "22:57:50"]
[PlyCount "65"]
[TimeControl "180+2"]

1. e4 c5 2. Nf3 d6 3. d4 cxd4 4. Nxd4 Nc6 5. Nc3 Nxd4 6. Qxd4 g6 7. Qxh8
Nf6 8. Bg5 Qb6 9. Nd5 Qxb2 10. Rd1 Qxc2 11. Nxf6+ exf6 12. Qxf6 Qxe4+ 13.
Be2 Be7 14. Qxe7+ Qxe7 15. Bxe7 Kxe7 16. O-O Be6 17. a3 d5 18. Rfe1 Kd6 19.
Bf3 Rc8 20. h3 Rc3 21. Re3 Rc2 22. Red3 Ra2 23. Bxd5 Bf5 24. Bxa2+ Bxd3 25.
Rxd3+ Ke5 26. Bxf7 g5 27. Rd5+ Kf4 28. g3+ Ke4 29. Rxg5 h6 30. Rh5 b5 31.
Kf1 Kf3 32. Rh4 b4 33. Rf4# { Black checkmated } 1-0

[Event "ICC tourney 2329 (3 2)"]
[Site "Internet Chess Club"]
[Date "2021.01.22"]
[Round "6"]
[White "JDD01"]
[Black "michaelxiao"]
[Result "1-0"]
[ICCResult "Black resigns"]
[WhiteElo "1817"]
[BlackElo "1336"]
[Opening "French: Tarrasch"]
[ECO "C03"]
[NIC "FR.07"]
[Time "22:57:31"]
[PlyCount "71"]
[TimeControl "180+2"]

1. e4 e6 2. d4 d5 3. Nd2 dxe4 4. Nxe4 Be7 5. Nf3 Nf6 6. Bd3 Nc6 7. c3 Nxe4
8. Bxe4 Bf6 9. O-O O-O 10. Re1 e5 11. Bxc6 bxc6 12. dxe5 Qxd1 13. Rxd1 Be7
14. Be3 Ba6 15. Rd7 Bd8 16. Nd4 c5 17. Nb3 c4 18. Nc5 Bb5 19. Rd4 Re8 20.
f4 c6 21. Rd2 Bb6 22. Rad1 Bxc5 23. Bxc5 a5 24. Rd7 a4 25. Rb7 Rad8 26.
Rbd7 Rxd7 27. Rxd7 f6 28. Bd6 fxe5 29. Bxe5 g6 30. Rg7+ Kf8 31. Rxh7 g5 32.
Rh8+ Kf7 33. Rxe8 Kxe8 34. fxg5 Kf7 35. h4 Kg6 36. g4 { Black resigns } 1-0

[Event "ICC tourney 2329 (3 2)"]
[Site "Internet Chess Club"]
[Date "2021.01.22"]
[Round "6"]
[White "Ben2008"]
[Black "stephenwilly"]
[Result "1-0"]
[ICCResult "Black checkmated"]
[WhiteElo "1900"]
[BlackElo "1460"]
[Opening "Fred"]
[ECO "B00"]
[NIC "VO.17"]
[Time "22:57:20"]
[PlyCount "61"]
[TimeControl "180+2"]

1. e4 f5 2. exf5 Nf6 3. d4 e6 4. fxe6 dxe6 5. Nf3 c5 6. c3 Be7 7. Bd3 Nc6
8. dxc5 Bxc5 9. O-O O-O 10. Bg5 h6 11. Bxf6 Qxf6 12. Nbd2 e5 13. Ne4 Qe7
14. Nxc5 Qxc5 15. Qe2 Bg4 16. Qe4 Bxf3 17. Qh7+ Kf7 18. gxf3 Ne7 19. Rae1
Rad8 20. Qe4 Rd6 21. Bc4+ Ke8 22. Qxe5 Qxe5 23. Rxe5 Rg6+ 24. Kh1 Kd7 25.
Rd1+ Rd6 26. Rde1 Nc6 27. Bb5 Rxf3 28. Re7+ Kc8 29. Bxc6 Rxc6 30. Rxg7 Rxf2
31. Re8# { Black checkmated } 1-0

[Event "ICC tourney 2329 (3 2)"]
[Site "Internet Chess Club"]
[Date "2021.01.22"]
[Round "6"]
[White "Kokosnuss1000"]
[Black "Fuydestroyer"]
[Result "1-0"]
[ICCResult "Black checkmated"]
[WhiteElo "1650"]
[BlackElo "129"]
[Opening "Sicilian: dragon, classical attack"]
[ECO "B73"]
[NIC "SI.16"]
[Time "22:57:21"]
[PlyCount "89"]
[TimeControl "180+2"]

1. e4 c5 2. Nf3 d6 3. d4 cxd4 4. Nxd4 Nf6 5. Nc3 g6 6. Be3 Bg7 7. Be2 O-O
8. O-O Nc6 9. f4 Bd7 10. Nb3 Rc8 11. Rf3 Ng4 12. Rg3 Nxe3 13. Rxe3 f6 14.
f5 gxf5 15. Bc4+ Kh8 16. exf5 Bxf5 17. Qh5 Bg6 18. Qh4 Ne5 19. Be6 Rc4 20.
Bxc4 Qb6 21. Re1 Nxc4 22. Qxc4 Bf7 23. Qd4 Bxb3 24. Qxb6 axb6 25. cxb3 e5
26. Nd5 Re8 27. Nxb6 Bf8 28. Nd7 Be7 29. Rf3 d5 30. Nxf6 Rf8 31. Nxd5 Bc5+
32. Kh1 Rxf3 33. gxf3 Bf2 34. Rxe5 Bd4 35. Re7 Bxb2 36. Rxb7 Bg7 37. a4 Bf8
38. a5 Bc5 39. a6 Kg8 40. Nb6 Bxb6 41. Rxb6 Kf7 42. a7 h5 43. a8=Q h4 44.
Qa7+ Kg8 45. Rb8# { Black checkmated } 1-0

[Event "ICC tourney 2329 (3 2)"]
[Site "Internet Chess Club"]
[Date "2021.01.22"]
[Round "6"]
[White "avocuddle"]
[Black "Kinawa"]
[Result "1/2-1/2"]
[ICCResult "Game drawn by repetition"]
[WhiteElo "1961"]
[BlackElo "1535"]
[Opening "Budapest: Adler variation"]
[ECO "A52"]
[NIC "QG.01"]
[Time "22:57:27"]
[PlyCount "47"]
[TimeControl "180+2"]

1. d4 Nf6 2. c4 e5 3. dxe5 Ng4 4. Nf3 Bc5 5. e3 Nc6 6. Nc3 Ngxe5 7. Nxe5
Nxe5 8. Be2 O-O 9. O-O d6 10. a3 a5 11. b3 Bf5 12. Bb2 Qg5 13. f4 Bxe3+ 14.
Kh1 Bxf4 15. Nd5 Ng6 16. g3 Bxg3 17. Rxf5 Qxf5 18. hxg3 Qh3+ 19. Kg1 Qxg3+
20. Kh1 Qh3+ 21. Kg1 Qg3+ 22. Kh1 Qh3+ 23. Kg1 Qg3+ 24. Kh1 { Game drawn by
repetition } 1/2-1/2

[Event "ICC tourney 2329 (3 2)"]
[Site "Internet Chess Club"]
[Date "2021.01.22"]
[Round "6"]
[White "ved2006"]
[Black "PearsonH"]
[Result "0-1"]
[ICCResult "White resigns"]
[WhiteElo "1686"]
[BlackElo "1752"]
[Opening "Queen's pawn game"]
[ECO "D05"]
[NIC "QO.17"]
[Time "22:57:18"]
[PlyCount "118"]
[TimeControl "180+2"]

1. d4 e6 2. Nf3 d5 3. e3 Nf6 4. c4 Be7 5. Nc3 O-O 6. Bd3 dxc4 7. Bxc4 b6 8.
O-O Bb7 9. b3 c5 10. Bb2 cxd4 11. Nxd4 Nc6 12. Nxc6 Bxc6 13. Qxd8 Rfxd8 14.
Rad1 Ne4 15. Nxe4 Bxe4 16. Rd4 Rxd4 17. Bxd4 Rd8 18. Rc1 Rc8 19. Bb2 Rd8
20. Bd4 Kf8 21. Kf1 Rc8 22. Bb2 Bb7 23. Bd3 Rxc1+ 24. Bxc1 Ke8 25. Bb2 g6
26. Bb5+ Kd8 27. f3 Bd6 28. h3 Bc5 29. Ke2 a6 30. Bc4 b5 31. Bd3 Kc7 32.
Bd4 Bxd4 33. exd4 Kd6 34. Ke3 e5 35. Be4 Bxe4 36. Kxe4 f5+ 37. Kd3 Kd5 38.
dxe5 Kxe5 39. g3 Kd5 40. b4 g5 41. f4 gxf4 42. gxf4 h6 43. h4 h5 44. a3 Ke6
45. Kd4 Kd6 46. Kd3 Kd5 47. Ke3 Kc4 48. Kd2 Kb3 49. Kd3 Kxa3 50. Kd4 Kxb4
51. Ke5 a5 52. Kxf5 a4 53. Kg6 a3 54. f5 a2 55. f6 a1=Q 56. f7 Qh8 57. Kf5
Kc5 58. Ke6 Qf8 59. Kf6 b4 { White resigns } 0-1

[Event "ICC tourney 2329 (3 2)"]
[Site "Internet Chess Club"]
[Date "2021.01.22"]
[Round "6"]
[White "marinaxiao"]
[Black "Shakhmatova"]
[Result "0-1"]
[ICCResult "White checkmated"]
[WhiteElo "1496"]
[BlackElo "1756"]
[Opening "QP counter-gambit (elephant gambit)"]
[ECO "C40"]
[NIC "KP.10"]
[Time "22:57:36"]
[PlyCount "66"]
[TimeControl "180+2"]

1. e4 e5 2. Nf3 d5 3. exd5 e4 4. Ne5 Bd6 5. Nc4 Be7 6. Nc3 Nf6 7. d3 Bf5 8.
dxe4 Nxe4 9. Nxe4 Bxe4 10. Ne3 O-O 11. Bc4 Bd6 12. O-O Qh4 13. h3 Bxg2 14.
Nxg2 Qxc4 15. Qf3 Nd7 16. c3 Ne5 17. Qd1 Rad8 18. f4 Nd3 19. Ne3 Qe4 20.
Qg4 Nxc1 21. Nf5 Bc5+ 22. Kh2 Qc2+ 23. Kg3 Ne2+ 24. Kh4 g6 25. Nh6+ Kh8 26.
Qg5 f6 27. Qg4 Be7 28. f5 g5+ 29. Kh5 Qd3 30. Rad1 Ng3+ 31. Qxg3 Qxg3 32.
Rd4 Qxh3+ 33. Rh4 Qxh4# { White checkmated } 0-1

[Event "ICC tourney 2329 (3 2)"]
[Site "Internet Chess Club"]
[Date "2021.01.22"]
[Round "6"]
[White "anmolwarman"]
[Black "hackerguru"]
[Result "0-1"]
[ICCResult "White forfeits on time"]
[WhiteElo "1187"]
[BlackElo "1750"]
[Opening "English opening"]
[ECO "A17"]
[NIC "EO.64"]
[Time "22:57:21"]
[PlyCount "82"]
[TimeControl "180+2"]

1. c4 Nf6 2. Nc3 e6 3. g3 d5 4. cxd5 exd5 5. d4 c6 6. Bg2 Bd6 7. Nf3 Bf5 8.
O-O O-O 9. Re1 Re8 10. Bg5 h6 11. Bxf6 Qxf6 12. a3 Nd7 13. b4 Nb6 14. Nh4
Bh7 15. e3 Nc4 16. Na4 g5 17. Nf3 b5 18. Nc5 Bxc5 19. bxc5 Nb2 20. Qc1 Nd3
21. Qd2 Nxe1 22. Rxe1 Be4 23. Ne5 Bxg2 24. Kxg2 a6 25. Nd7 Qe7 26. Ne5 Qe6
27. Qb4 a5 28. Qc3 f6 29. Nf3 Qe4 30. h3 f5 31. g4 fxg4 32. hxg4 Qxg4+ 33.
Kf1 Qxf3 34. Qd3 Qe4 35. Qe2 Rf8 36. Qh5 Qf5 37. Re2 Rf6 38. Qh2 Raf8 39.
Qc7 Qd3 40. Qe7 Rxf2+ 41. Kg1 Qd1+ { White forfeits on time } 0-1

[Event "ICC tourney 2329 (3 2)"]
[Site "Internet Chess Club"]
[Date "2021.01.22"]
[Round "6"]
[White "Gnanathan"]
[Black "BlueDuck"]
[Result "1-0"]
[ICCResult "Black resigns"]
[WhiteElo "1101"]
[BlackElo "980"]
[Opening "Sicilian"]
[ECO "B72"]
[NIC "SI.16"]
[Time "22:58:13"]
[PlyCount "83"]
[TimeControl "180+2"]

1. e4 c5 2. Nf3 d6 3. d4 cxd4 4. Nxd4 g6 5. Nc3 Bg7 6. Be3 Nf6 7. Bc4 Ng4
8. Bb5+ Kf8 9. O-O Ne5 10. f4 Nec6 11. Bxc6 Nxc6 12. Nxc6 bxc6 13. Qf3 f6
14. e5 f5 15. Qxc6 Bd7 16. Qd5 dxe5 17. fxe5 e6 18. Bc5+ Kf7 19. Qd6 Bf8
20. Qd4 Bxc5 21. Qxc5 Qe7 22. Qxe7+ Kxe7 23. Rad1 Rhd8 24. Rfe1 Bc6 25. g3
Rxd1 26. Rxd1 Rd8 27. Rxd8 Kxd8 28. Kf2 Kc7 29. Ke3 Kb6 30. Kd4 a6 31. a3
Ka5 32. Kc5 Bg2 33. Kd6 Bd5 34. Nxd5 exd5 35. Kxd5 Kb6 36. Kd6 Kb7 37. Kd7
g5 38. e6 f4 39. gxf4 gxf4 40. e7 f3 41. e8=Q f2 42. Qf8 { Black resigns }
1-0

[Event "ICC tourney 2329 (3 2)"]
[Site "Internet Chess Club"]
[Date "2021.01.22"]
[Round "6"]
[White "woochess"]
[Black "kurumania"]
[Result "1/2-1/2"]
[ICCResult "Game drawn by repetition"]
[WhiteElo "2595"]
[BlackElo "2514"]
[Opening "Neo-Grünfeld, 6.cd Nxd5, 7.O-O Nb6"]
[ECO "D76"]
[NIC "QP.06"]
[Time "22:57:36"]
[PlyCount "71"]
[TimeControl "180+2"]

1. d4 Nf6 2. Nf3 g6 3. c4 Bg7 4. g3 d5 5. cxd5 Nxd5 6. Bg2 O-O 7. O-O Nb6
8. Nc3 Nc6 9. e3 Re8 10. Re1 a5 11. b3 a4 12. bxa4 e5 13. dxe5 Qxd1 14.
Rxd1 Nxe5 15. Nxe5 Bxe5 16. Bd2 Nxa4 17. Rac1 Nb2 18. Rf1 c6 19. Ne4 Rxa2
20. Bc3 Bxc3 21. Rxc3 Kg7 22. Nd6 Rd8 23. Nxc8 Rxc8 24. Rc2 Rca8 25. Rb1
Nd3 26. Rxa2 Rxa2 27. Rxb7 Nxf2 28. Bxc6 Nh3+ 29. Kh1 Nf2+ 30. Kg1 Nh3+ 31.
Kh1 Nf2+ 32. Kg1 Nh3+ 33. Kh1 Nf2+ 34. Kg1 Nh3+ 35. Kh1 Nf2+ 36. Kg1 { Game
drawn by repetition } 1/2-1/2

[Event "ICC tourney 2329 (3 2)"]
[Site "Internet Chess Club"]
[Date "2021.01.22"]
[Round "6"]
[White "jy2020"]
[Black "Zapateado"]
[Result "1-0"]
[ICCResult "Black checkmated"]
[WhiteElo "2213"]
[BlackElo "1908"]
[Opening "Sicilian: accelerated fianchetto, Maróczy bind"]
[ECO "B36"]
[NIC "SI.33"]
[Time "22:57:18"]
[PlyCount "75"]
[TimeControl "180+2"]

1. e4 c5 2. Nf3 g6 3. d4 cxd4 4. Nxd4 Nc6 5. c4 Nf6 6. Nc3 d6 7. Be2 Nxd4
8. Qxd4 Bg7 9. Be3 O-O 10. Qd2 Be6 11. O-O Qa5 12. Rab1 Rfc8 13. b3 a6 14.
f3 b5 15. b4 Qc7 16. Nd5 Bxd5 17. cxd5 Qc2 18. Rfc1 Qxd2 19. Bxd2 Nd7 20.
Be3 Rab8 21. f4 Bh6 22. Kf2 Nf6 23. Kf3 e6 24. dxe6 fxe6 25. Bd4 Nd7 26. g3
e5 27. Be3 Bg7 28. Bd1 Nf6 29. Bb3+ Kf8 30. fxe5 dxe5 31. Be6 Rxc1 32. Rxc1
Ke7 33. Bb3 Ne8 34. Rc6 Nf6 35. Rxa6 Nd7 36. Ra7 Kd6 37. Bc5+ Kc6 38. Bd5#
{ Black checkmated } 1-0

[Event "ICC tourney 2329 (3 2)"]
[Site "Internet Chess Club"]
[Date "2021.01.22"]
[Round "6"]
[White "JamesS"]
[Black "ZYCON"]
[Result "0-1"]
[ICCResult "White forfeits on time"]
[WhiteElo "1364"]
[BlackElo "1385"]
[Opening "Sicilian: closed"]
[ECO "B23"]
[NIC "SI.44"]
[Time "22:57:27"]
[PlyCount "58"]
[TimeControl "180+2"]

1. e4 c5 2. Nc3 d6 3. Bc4 Nc6 4. f4 Nf6 5. Nf3 g6 6. O-O Bg7 7. d3 O-O 8.
Qe1 Nd7 9. Qh4 Nb6 10. Ng5 h6 11. Nxf7 Rxf7 12. Bxf7+ Kxf7 13. f5 g5 14.
Qh5+ Kg8 15. h4 gxh4 16. Bxh6 Qf8 17. Qg6 Ne5 18. Qg5 Qf6 19. Qxf6 Bxf6 20.
Bf4 Ng4 21. Rf3 Bd4+ 22. Kf1 c4 23. Ne2 Bxb2 24. Rb1 Bf6 25. d4 Bd7 26. c3
Ba4 27. Rh3 Bc2 28. Rb2 Bxe4 29. g3 Bxf5 { White forfeits on time } 0-1

[Event "ICC tourney 2329 (3 2)"]
[Site "Internet Chess Club"]
[Date "2021.01.22"]
[Round "6"]
[White "Purushottam123"]
[Black "al68067"]
[Result "1-0"]
[ICCResult "Black checkmated"]
[WhiteElo "1700"]
[BlackElo "1155"]
[Opening "Scandinavian (center counter) defense"]
[ECO "B01"]
[NIC "SD.01"]
[Time "22:57:32"]
[PlyCount "97"]
[TimeControl "180+2"]

1. e4 d5 2. exd5 Qxd5 3. Nc3 Qa5 4. Nf3 Bg4 5. Bc4 Nf6 6. d4 c6 7. Bd2 Qc7
8. h3 Bh5 9. g4 Bg6 10. Ne5 Nbd7 11. Nxg6 hxg6 12. Qe2 e6 13. O-O-O Bd6 14.
h4 Bf4 15. Ne4 Bxd2+ 16. Rxd2 Nxe4 17. Qxe4 Nf6 18. Qe2 Qf4 19. f3 g5 20.
h5 g6 21. h6 Ng8 22. Bxe6 fxe6 23. Qxe6+ Ne7 24. Re1 Qf7 25. Qe3 Rxh6 26.
Qxg5 Rh7 27. Rde2 Rd8 28. Rxe7+ Qxe7 29. Rxe7+ Rxe7 30. Qxg6+ Kf8 31. Qf6+
Ke8 32. g5 Re1+ 33. Kd2 Rg1 34. g6 Rg2+ 35. Kc3 Rd7 36. f4 Rg3+ 37. Kd2
Rg2+ 38. Ke3 Re7+ 39. Kd3 Rg3+ 40. Kc4 Rg2 41. Kb3 Re3+ 42. c3 Ree2 43.
Qf7+ Kd8 44. g7 Rxb2+ 45. Kc4 b5+ 46. Kc5 Rbc2 47. Kd6 Rxg7 48. Qxg7 Rxc3
49. Qd7# { Black checkmated } 1-0

[Event "ICC tourney 2329 (3 2)"]
[Site "Internet Chess Club"]
[Date "2021.01.22"]
[Round "6"]
[White "jefferyx"]
[Black "ASharikov"]
[Result "1-0"]
[ICCResult "Black forfeits on time"]
[WhiteElo "2825"]
[BlackElo "2281"]
[Opening "KP: Nimzovich defense"]
[ECO "B00"]
[NIC "VO.05"]
[Time "22:57:27"]
[PlyCount "81"]
[TimeControl "180+2"]

1. e4 Nc6 2. Nf3 d5 3. exd5 Qxd5 4. Nc3 Qh5 5. Nb5 Kd8 6. d4 a6 7. Nc3 Bg4
8. Be2 Nf6 9. d5 Ne5 10. Nd4 Kc8 11. Bf4 Ng6 12. Bg3 Bxe2 13. Ndxe2 e5 14.
dxe6 fxe6 15. Qd3 Be7 16. Qc4 e5 17. O-O-O Rd8 18. Rxd8+ Bxd8 19. Rd1 Qf5
20. Qf7 b5 21. Qxg7 Kb7 22. Qf7 Be7 23. Nd5 Qg5+ 24. Kb1 Rf8 25. Qe6 Bd6
26. Nec3 Qg4 27. Qxg4 Nxg4 28. Ne4 h5 29. f3 h4 30. fxg4 hxg3 31. hxg3 Kc6
32. Ne3 Bc5 33. Nf5 Bb6 34. Rh1 Kd5 35. Nc3+ Kc4 36. Rh6 Rg8 37. Ne4 Rd8
38. b3+ Kb4 39. Rxg6 Ka3 40. Kc1 Ba5 41. Rxa6 { Black forfeits on time }
1-0

[Event "ICC tourney 2329 (3 2)"]
[Site "Internet Chess Club"]
[Date "2021.01.22"]
[Round "6"]
[White "yuanbao2007"]
[Black "Averyyu321"]
[Result "0-1"]
[ICCResult "White forfeits on time"]
[WhiteElo "1664"]
[BlackElo "1713"]
[Opening "QGD: classical variation (5.Bf4)"]
[ECO "D37"]
[NIC "QO.04"]
[Time "22:57:27"]
[PlyCount "84"]
[TimeControl "180+2"]

1. d4 d5 2. Nf3 Nf6 3. c4 e6 4. Nc3 Be7 5. Bf4 O-O 6. e3 b6 7. cxd5 Nxd5 8.
Bg3 Bb7 9. Bd3 Bb4 10. Qc2 Nd7 11. Bxh7+ Kh8 12. Bd3 N7f6 13. e4 Nxc3 14.
bxc3 Be7 15. Be5 c5 16. Qe2 cxd4 17. cxd4 Rc8 18. O-O Nh7 19. Rac1 f6 20.
Bg3 Bd6 21. e5 fxe5 22. dxe5 Be7 23. Bxh7 Kxh7 24. Rfd1 Rxc1 25. Rxc1 Bxf3
26. gxf3 Qd5 27. Rc3 Bc5 28. Rd3 Qc4 29. Kg2 Rd8 30. Rd2 Qxe2 31. Rxe2 Rd4
32. f4 g6 33. Kf3 b5 34. Bh4 a5 35. Bd8 a4 36. Bc7 b4 37. Rb2 Rd3+ 38. Kg4
a3 39. Rc2 Rc3 40. Rd2 Rc4 41. Kg5 Bxf2 42. Rd7+ Kh8 { White forfeits on
time } 0-1

[Event "ICC tourney 2329 (3 2)"]
[Site "Internet Chess Club"]
[Date "2021.01.22"]
[Round "6"]
[White "clair"]
[Black "DualMoneytime"]
[Result "0-1"]
[ICCResult "White checkmated"]
[WhiteElo "1681"]
[BlackElo "1982"]
[Opening "Queen's pawn, Mason variation"]
[ECO "D00"]
[NIC "QP.08"]
[Time "22:57:18"]
[PlyCount "128"]
[TimeControl "180+2"]

1. d4 d5 2. Bf4 Nf6 3. e3 c5 4. c3 Nc6 5. Nd2 Bf5 6. Ngf3 e6 7. h3 Qb6 8.
Qb3 c4 9. Qxb6 axb6 10. Ne5 Nxe5 11. Bxe5 Nd7 12. Bg3 b5 13. a3 b4 14. cxb4
Bxb4 15. Rc1 Ba5 16. Be2 O-O 17. Bd6 Rfc8 18. Bb4 Bxb4 19. axb4 b5 20. O-O
Ra2 21. g4 Bg6 22. f4 Rxb2 23. Rfd1 Be4 24. Nxe4 dxe4 25. Kf1 Nb6 26. Ke1
Nd5 27. Kf2 Nxb4 28. Ra1 Nd3+ 29. Kf1 c3 30. Bxd3 exd3 31. Rxd3 c2 32. Rc1
Rb1 33. Rdd1 Rxc1 34. Rxc1 b4 35. Ke2 b3 36. Kd2 g6 37. h4 Kg7 38. h5 b2
39. Rxc2 Rb8 40. Rxb2 Rxb2+ 41. Kd3 gxh5 42. gxh5 Kh6 43. e4 Kxh5 44. d5
exd5 45. exd5 Rb5 46. Kc4 Rxd5 47. Kxd5 Kg4 48. Ke5 h5 49. f5 h4 50. f6 h3
51. Kd6 Kg5 52. Ke7 Kg6 53. Kf8 h2 54. Kg8 h1=Q 55. Kf8 Qa8+ 56. Ke7 Qc8
57. Kd6 Qe6+ 58. Kc7 Kxf6 59. Kd8 Qe7+ 60. Kc8 Ke6 61. Kb8 Qd7 62. Ka8 Kd6
63. Kb8 Kc6 64. Ka8 Qb7# { White checkmated } 0-1